 Dungeon Crawl Stone Soup version 0.30-a0-377-g5cb311bc9f (webtiles) character file.

Game seed: 6545525747289152314

127 Shayle the Trooper (level 4, -3/35 HPs)
             Began as a Demonspawn Reaver on Nov 28, 2022.
             Was an Initiate of Ashenzari.
             Slain by a phantom (4 damage)
             ... on level 4 of the Dungeon.
             The game lasted 00:06:18 (3227 turns).

Shayle the Trooper (Demonspawn Reaver)              Turns: 3227, Time: 00:06:19

Health: -3/35      AC:  5    Str: 12    XL:     4   Next: 85%
Magic:  7/7        EV: 11    Int: 16    God:    Ashenzari [......]
Gold:   68         SH:  0    Dex: 12    Spells: 6/7 levels left

rFire   . . .      SeeInvis .    a - +0 hand axe
rCold   . . .      Faith    .    (no shield)
rNeg    . . .      Spirit   .    b - +0 leather armour
rPois   .          Reflect  .    (no helmet)
rElec   .          Harm     .    (no cloak)
rCorr   .          Rampage  .    p - +0 pair of gloves
Will    .....                    k - +0 pair of boots
Stlth   ++........               (no amulet)
HPRegen 0.25/turn                (no ring)
MPRegen 0.20/turn                (no ring)

@: mighty
A: ignite blood 1, magic regeneration
a: Renounce Religion


You were on level 4 of the Dungeon.
You worshipped Ashenzari.
Ashenzari was noncommittal.
You visited 2 branches of the dungeon, and saw 5 of its levels.

You collected 213 gold pieces.
You spent 145 gold pieces at shops.

Inventory:

Hand Weapons
 a - a +0 hand axe (weapon)
 e - a +1 dagger of speed
Armour
 b - a +0 leather armour (worn)
 k - a +0 pair of boots (worn)
 p - a +0 pair of gloves (worn)
Jewellery
 d - a ring of flight
Wands
 u - a wand of mindburst (21)
 w - a wand of flame (17)
 x - a wand of polymorph (8)
Scrolls
 c - 2 scrolls of enchant weapon {unknown}
 f - 5 scrolls of fear {unknown}
 l - 3 scrolls of teleportation
 n - a scroll of magic mapping {unknown}
 q - a scroll of blinking
 r - a scroll of poison
 s - 2 scrolls of identify
 v - a scroll of noise {unknown}
 y - 2 scrolls of immolation {unknown}
Potions
 g - a potion of cancellation
 h - a potion of lignification {unknown}
 i - a potion of attraction
 j - a potion of curing
 m - 2 potions of might
 o - a potion of magic {unknown}
 t - 2 potions of flight {unknown}


   Skills:
 + Level 3.3 Fighting
 - Level 2.6 Axes
 + Level 2.1 Armour
 - Level 1.7 Dodging
 + Level 2.4 Stealth
 - Level 2.0 Spellcasting
 - Level 3.0 Conjurations


You had 6 spell levels left.
You knew the following spells:

 Your Spells              Type           Power      Damage    Failure   Level
a - Kiss of Death         Conj/Necr      24%        2d7       14%         1

Your spell library contained the following spells:

 Spells                   Type           Power      Damage    Failure   Level
 Magic Dart               Conj           44%        1d5       8%          1
 Momentum Strike          Conj/Tloc      12%        3d8       22%         2
 Call Imp                 Summ           1%         N/A       36%         2
 Hailstorm                Conj/Ice       6%         3d4       38%         3
 Mephitic Cloud           Conj/Pois/Air  4%         N/A       45%         3
 Gell's Gravitas          Tloc           1%         N/A       61%         3
 Lesser Beckoning         Tloc           2%         N/A       61%         3
 Teleport Other           Tloc           1%         N/A       61%         3


Dungeon Overview and Level Annotations

Branches:
Dungeon (4/15)             Temple (1/1) D:4

Altars:
Ashenzari
Fedhas
Gozag
Kikubaaqudgha
Makhleb
Nemelex Xobeh
Okawaru
Qazlal
Vehumet
Wu Jian
Yredelemnul

Shops:
D:3 ?


Innate Abilities, Weirdness & Mutations

Your demonic aura sometimes causes spilled blood to erupt in flames.
You regenerate magic rapidly.


Message History

Ashenzari warns you of distant threats and treasures.
Ashenzari reveals the structure of the dungeon to you.
Ashenzari shows you where magical portals lie.
(D) Dungeon (T) Temple
Where to? (Enter - D:4, ? - help)
There is a staircase back to the Dungeon here.
You climb upwards.
Welcome back to the Dungeon!
There is a staircase to the Ecumenical Temple here.
HP restored.
You now have 68 gold pieces (gained 13).
A scorpion comes into view.
A scorpion is nearby!
t - 2 black potions (gained 1)
Found an escape hatch in the ceiling.
You see here 2 stones.
A phantom comes into view.
The phantom hits you.
The phantom blinks!
You blink.
You hit the phantom but do no damage. The phantom hits you.
You hit the phantom but do no damage. The phantom hits you.
The phantom blinks!
You blink.
The phantom hits you but does no damage.
You closely miss the phantom. The phantom hits you.
You hit the phantom but do no damage. The phantom hits you.
The phantom blinks!
You blink.
You barely miss the phantom. The phantom barely misses you.
You barely miss the phantom. The phantom closely misses you.
You hit the phantom.
The phantom is lightly damaged.
The phantom hits you.
It was a potion of might.
You feel very mighty all of a sudden. The phantom hits you.
You slash the phantom!
The phantom is moderately damaged.
The phantom hits you.
* * * LOW HITPOINT WARNING * * *
You closely miss the phantom.
The phantom is moderately damaged.
The phantom hits you.
* * * LOW HITPOINT WARNING * * *
The phantom hits you.
You die...

#.# #.# ## #.# #.# #.
#<# #.# #. #.# ##.## #.
#############.####.#.#
##
............(........#
#
#######.#########..[.##
# ##.#.########.###.###
#.#.@W.......## ##...
##...#######.# #...
##.## #.## ##.## #...#
##.###.## .......ยง#
##...#### #####...#
###..... ##### ######


You could see a phantom.

Vanquished Creatures
  An iguana (D:3)
  2 adders
  A dart slug (D:1)
  5 orcs (D:4)
  10 endoplasms
  5 giant cockroaches
  9 goblins
  4 hobgoblins
  4 jackals (D:1)
  4 kobolds
  3 quokkas
  8 ball pythons
  6 bats
  4 frilled lizards
  3 rats
69 creatures vanquished.

Vanquished Creatures (others)
  3 fungi (D:1)
  2 plants (D:1)
5 creatures vanquished.

Grand Total: 74 creatures vanquished

Notes
Turn   | Place    | Note
-------+----------+-------------------------------------------
     0 | D:1      | Shayle the Demonspawn Reaver began the quest for the Orb.
     0 | D:1      | Reached XP level 1. HP: 16/16 MP: 3/3
   115 | D:1      | Gained mutation: You regenerate magic rapidly. [demonic
                  | ancestry]
   115 | D:1      | Reached XP level 2. HP: 11/22 MP: 5/5
   183 | D:1      | Reached skill level 1 in Stealth
   424 | D:1      | Reached skill level 1 in Armour
   440 | D:1      | Found a faded altar of an unknown god.
   542 | D:1      | Reached XP level 3. HP: 22/28 MP: 6/6
  2050 | D:3      | Gained mutation: Your demonic aura sometimes causes spilled
                  | blood to erupt in flames. [demonic ancestry]
  2050 | D:3      | Reached XP level 4. HP: 29/35 MP: 7/7
  2238 | D:3      | Found Vuyrr's Magic Scroll Shoppe.
  2246 | D:3      | Bought a scroll of blinking for 75 gold pieces
  2246 | D:3      | Bought a scroll of poison for 40 gold pieces
  2246 | D:3      | Bought a scroll of teleportation for 30 gold pieces
  3021 | D:4      | Found a staircase to the Ecumenical Temple.
  3051 | Temple   | Entered the Ecumenical Temple
  3058 | Temple   | Became a worshipper of Ashenzari the Shackled
  3112 | D:4      | Noticed a scorpion
  3214 | D:4      | Noticed a phantom
  3227 | D:4      | HP: 1/35 [phantom (5)]
  3227 | D:4      | Slain by a phantom

Illustrated notes

Levels and vault maps discovered:
D:1:      wheals_arrival_shading, layout_basic, shapermc_ecumenical_altar_ellora
D:2:      layout_basic, kennysheep_flooded_box
D:3:      layout_rooms, serial_shops, shop, nicolae_hexahallways
D:4:      layout_loops_ring, minmay_temple_entry_grid
Temple:   nicolae_temple_no_exploring_needed

Skill      XL: |  1  2  3  4 |
---------------+-------------+-----
Stealth        | 1 2 |  2.4
Armour         | 1 2 |  2.1
Fighting       | 3 |  3.3
Axes           | |  2.6
Dodging        | |  1.7
Spellcasting   | |  2.0
Conjurations   | |  3.0

Action                   |  1- 3 |  4- 6 || total
-------------------------+-------+-------++-------
Melee: Hand axe          |   156 |    99 ||   255
       Punch             |     1 |     1 ||     2
  Use: Scroll            |     3 |       ||     3
       Potion            |       |     1 ||     1
 Stab: Sleeping          |     2 |     1 ||     3
Armor: Leather armour    |    51 |    36 ||    87
Dodge: Dodged            |    98 |    41 ||   139

Table legend: (Time is in decaauts)
 A = Elapsed time spent in this place.
 B = Non-inter-level travel time spent in this place.
 C = Inter-level travel time spent in this place.
 D = Time resting spent in this place.
 E = Time spent auto-exploring this place.
 F = Levels seen in this place.
 G = Mean time per level.
                   A        B        C        D        E       F      G
               +--------+--------+--------+--------+--------+-----+--------+
         Total |   3269 |   3140 |    129 |     79 |   2222 |   5 |  653.8 |
       Dungeon |   3255 |   3133 |    122 |     79 |   2222 |   4 |  813.8 |
        Temple |     14 |      7 |      7 |      0 |      0 |   1 |   14.0 |
               +--------+--------+--------+--------+--------+-----+--------+

Top non-repeatable levels by time:
     D:1: 1146 daAuts
     D:2: 877 daAuts
     D:3: 679 daAuts
     D:4: 551 daAuts
  Temple: 14 daAuts
